 Dungeon Crawl Stone Soup version 0.30-a0-234-g97d66968fd (webtiles) character file.

Game seed: 11376794355527940763

14 qw the Shield-Bearer (level 2, -1/19 HPs)
             Began as a Gargoyle Fighter on Oct 10, 2022.
             Slain by Natasha (7 damage)
             ... on level 2 of the Dungeon.
             The game lasted 00:00:04 (186 turns).

qw the Shield-Bearer (Gargoyle Fighter)              Turns: 186, Time: 00:00:05

Health: -1/19      AC:  9    Str: 19    XL:     2   Next: 45%
Magic:  2/2        EV:  9    Int:  8    God:
Gold:   26         SH:  4    Dex:  9    Spells: 1/1 levels left

rFire   . . .      SeeInvis .    a - +0 war axe
rCold   . . .      Faith    .    c - +0 buckler
rNeg    + . .      Spirit   .    b - +0 scale mail
rPois   inf        Reflect  .    (no helmet)
rElec   +          Harm     .    (no cloak)
rCorr   .          Rampage  .    (no gloves)
Will    .....                    (no boots)
Stlth   ..........               (no amulet)
HPRegen 0.23/turn                (no ring)
MPRegen 0.08/turn                (no ring)

@: slowed, very slow
A: sickness immunity, AC +2, negative energy resistance 1, electricity
resistance, torment resistance 1, petrification resistance
a: no special abilities


You were on level 2 of the Dungeon.
You visited 1 branch of the dungeon, and saw 2 of its levels.

You collected 26 gold pieces.


Innate Abilities, Weirdness & Mutations

You are immune to sickness and miasma.
Your stone body is resilient. (AC +2)
You are immune to poison.
You resist negative energy. (rN+)
You are resistant to electric shocks. (rElec)
You are resistant to unholy torment.
You are immune to petrification.


   Skills:
 - Level 3.2 Fighting
 + Level 2.7 Axes
 - Level 3.2 Armour
 - Level 3.2 Shields


You had one spell level left.
You didn't know any spells.
Your spell library was empty.

Inventory:

Hand Weapons
 a - a +0 war axe (weapon)
 e - a +0 whip
Armour
 b - a +0 scale mail (worn)
 c - a +0 buckler (worn)
Potions
 d - a potion of might

Dungeon Overview and Level Annotations

Branches:
Dungeon (1/15)

Altars:

Annotations:
D:2 Natasha


Message History

Enter note: A goblin comes into view. It is wielding a +0 club.
The goblin shouts!
A gnoll comes into view. It is wielding a +0 club.
The gnoll shouts!
Natasha, Servant of Life and Death comes into view.
Natasha hisses angrily.
You hit the goblin.
You kill the goblin!
A gnoll comes into view. It is wielding a +0 spear. x2
Natasha casts a spell.
Things that are here:
a +0 club; a goblin corpse You hit the gnoll.
The gnoll is moderately wounded.
The gnoll hits you with a +0 club. Natasha casts a spell at you.
You feel yourself slow down.
You slash the gnoll!
You kill the gnoll!
You hit the crimson imp. The gnoll barely misses you.
The crimson imp hits you but does no damage.
Natasha mumbles some strange words.
The gnoll hits you from afar with a +0 spear.
The gnoll barely misses you.
The crimson imp hits you but does no damage.
Natasha claws you. The gnoll barely misses you.
The gnoll hits you from afar with a +0 spear.
You have reached level 2!
You barely miss the crimson imp. You hit Natasha but do no damage.
You barely miss the crimson imp. The crimson imp hits you.
Natasha casts a spell at you.
You feel as though you will be slow longer.
The gnoll barely misses you. The gnoll closely misses you.
A hobgoblin comes into view.
The crimson imp hits you but does no damage.
The crimson imp closely misses you. Natasha claws you!
You die...

####.#...
.$.......####
............#
............
..........g
..........#
..........#
.....g.5).#
.....g5@..#
......h..##
....:...##
....##### .##


You could see Natasha, 2 gnolls, 2 crimson imps and a hobgoblin (wandering).

Vanquished Creatures
  A gnoll (D:2)
  An endoplasm (D:1)
  A goblin (D:2)
  A hobgoblin (D:1)
  A kobold (D:1)
5 creatures vanquished.

Notes
Turn   | Place    | Note
-------+----------+-------------------------------------------
     0 | D:1      | qw the Gargoyle Fighter began the quest for the Orb.
     0 | D:1      | Reached XP level 1. HP: 14/14 MP: 1/1
     0 | D:1      | 0 ||| qw: Version: 0.2-a-17-g06abaee
     0 | D:1      | 0 ||| qw: Game counter: 2351
     0 | D:1      | 0 ||| qw: Always use a shield: true
     0 | D:1      | 0 ||| qw: God list: Okawaru
     0 | D:1      | 0 ||| qw: Allow faded altars: false
     0 | D:1      | 0 ||| qw: Do Orc after D:15 true
     0 | D:1      | 0 ||| qw: Do second Lair branch before Depths: true
     0 | D:1      | 0 ||| qw: Lair rune preference: random
     0 | D:1      | 0 ||| qw: Plans: Normal, Zot:1-4, God:TSO, Crypt, Tomb,
                  | Pan, Slime:5, Hells, Abyss, Orb
     0 | D:1      | 0 ||| PLANNING D:1-11
    83 | D:1      | Found a faded altar of an unknown god.
   171 | D:1      | You fall into a shaft and drop 1 floor!
   180 | D:2      | Noticed Natasha
   183 | D:2      | Noticed a crimson imp
   186 | D:2      | Reached XP level 2. HP: 7/19 MP: 2/2
   186 | D:2      | Noticed a crimson imp
   186 | D:2      | Slain by Natasha

Levels and vault maps discovered:
D:1:      lemuel_arrival_hallway, layout_basic, basic_ecumenical_altar
D:2:      layout_rooms, uniq_natasha

Skill      XL: |  1 |
---------------+----+-----
Axes           | 2 |  2.7
Fighting       | |  3.2
Armour         | |  3.2
Shields        | |  3.2

Action                   || total
-------------------------++-------
Melee: War axe           ||     7
Armor: Scale mail        ||     4
Dodge: Dodged            ||     6

Table legend:
 A = Non-vault XP
 B = Vault XP
 C = Vault XP percentage of total XP
 D = Non-vault monster count
 E = Vault monster count
 F = Vault count percentage of total count
                 A         B        C        D         E       F
            +---------+---------+-------+---------+---------+-------
      Total |      21 |       0 |   0.0 |       5 |       0 |   0.0
            +---------+---------+-------+---------+---------+-------
        D:1 |       5 |       0 |   0.0 |       3 |       0 |   0.0
        D:2 |      16 |       0 |   0.0 |       2 |       0 |   0.0
            +---------+---------+-------+---------+---------+-------
